groovejumper, chaotic female elven Wizard -------- ---------------- #.......| |..............| ----- ###|......-# #...^...........| ----- |...@q###q##### --------- ###.......|# #|..............| |..^| |.%@| # |........### --------# #------------.--- |..<| |...| ###|.......|### # #### #### #....| |.f.| #-........# # # # #----- |...| |.......| # # ### #### |...| |........# # # # # ----- |.......| # # ### # --------- # # # # # # -------|----# ######## # |...........# # -----.-# |..........| |.^...|# |..........| |..^..-# |..........| +.....| |......>...| ------- |..........| ------------ groovejumper the Conjurer Experience level: 5 Strength: 9 Dexterity: 13 Constitution: 11 Intelligence: 19 Wisdom: 13 Charisma: 10 Health: 0(31) Energy: 44(48) AC: 9 Gold: 169 Moves: 1542 Your Inventory: Coins $ - 169 gold pieces Weapons a - a blessed +1 quarterstaff (weapon in hands) Armor b - an uncursed +0 cloak of magic resistance (being worn) r - an [uncursed +0] apron [alchemy smock] Comestibles o - an uncursed [stale] egg x - an [uncursed] food ration z - an [uncursed] carrot A - an [uncursed] tin [of floating eye meat] Scrolls i - an uncursed scroll of identify j - 2 uncursed scrolls of confuse monster k - an uncursed scroll of food detection Spellbooks l - a blessed spellbook of force bolt m - an uncursed spellbook of wizard lock s - an [uncursed] dark blue spellbook [of turn undead] Potions f - a blessed potion of healing g - an uncursed potion of water h - an uncursed potion of gain level p - a blessed fizzy potion [of object detection] y - an [uncursed] sky blue potion [of fruit juice] Rings d - an uncursed ring of conflict e - an uncursed ring of protection from shape changers q - an uncursed gold ring [of slow digestion] Wands c - an uncursed wand of sleep (0:6) Tools n - an uncursed wooden harp w - an [uncursed] magic whistle Spells known in the end: Name Level Category Fail Memory a - force bolt 1 attack 0% [||||||||] b - wizard lock 2 matter 47% [||||||||] Your skills at the end: Fighting Skills Weapon Skills quarterstaff [Basic / Expert] Spellcasting Skills attack spells [Basic / Expert] enchantment spells [Basic / Skilled] Final Attributes: You were devoutly aligned. Hunger level was 297. Your alignment was 16 / 17. Monster difficulty range was 0 - 4. Level difficulty was 3. You were immune to sleep. You were magic-protected. You saw invisible. You had infravision. Your luck was zero. You are dead. Vanquished creatures: a small mimic a little dog a monkey an iguana an acid blob a hobbit 2 giant rats a green mold a red mold a gnome zombie 2 geckos 3 jackals a kobold 2 sewer rats 4 grid bugs 2 newts 25 creatures vanquished. Voluntary challenges: You used a wielded weapon 17 times. You read items or engraved 1 time. You put on armor 1 time. You never genocided any monsters. You never polymorphed an object. You never changed form. You used no wishes. You never wrote Elbereth's name. You never encountered a bones level. You never used any Sokoban shortcuts. Dungeon overview: The Dungeons of Doom: levels 1 to 3 Level 1 a long staircase Level 2 a general store, an altar to Anhur Level 3 <- You were here a delicatessen History has recorded: On T:1 you entered the Dungeons of Doom to retrieve the Amulet of Yendor! On T:226 you reached level 2 of The Dungeons of Doom. On T:675 you advanced to experience level 2. On T:766 you advanced to experience level 3. On T:785 you advanced to experience level 4. On T:895 you reached level 3 of The Dungeons of Doom. On T:1212 you advanced to experience level 5. Latest messages: Taro drops a food ration. The spell misses the monkey. The spell hits the monkey! You kill the monkey! Taro picks up a food ration. "Hello, groovejumper! Welcome again to Berbek's delicatessen!" Taro drops a food ration. Taro picks up a sky blue potion. Taro drops a sky blue potion. The rothe hits! The rothe bites! (2x) [HP-6=25] The rothe hits! The rothe bites! (2x) Taro picks up a sky blue potion. [HP-11=14] The rothe hits! The rothe bites! (2x) [HP-11=3] The rothe hits! You die... Berbek gratefully inherits all your possessions. Final status: Goodbye groovejumper the Wizard... You died in The Dungeons of Doom on dungeon level 3 with 1093 points, and 169 pieces of gold, after 1542 moves. You were level 5 with a maximum of 31 hit points when you died.